 Dungeon Crawl Stone Soup version 0.28-a0-863-g8cecda6153 (webtiles) character file.

Game seed: 15719970178312857127

1101 Zenkrye the Slicer (level 8, -7/43 HPs)
             Began as a Kobold Enchanter on Nov 16, 2021.
             Mangled by Duvessa (16 damage)
             ... on level 6 of the Dungeon.
             The game lasted 00:20:11 (6847 turns).

Zenkrye the Slicer (Kobold Enchanter)               Turns: 6847, Time: 00:20:11

Health: -7/43      AC:  6    Str:  5    XL:     8   Next: 58%
Magic:  1/12       EV: 14    Int: 18    God:
Gold:   336        SH:  0    Dex: 16    Spells: 5/13 levels left

rFire   . . .      SeeInvis .   c - +4 dagger (spect)
rCold   . . .      Faith    .   (shield restricted)
rNeg    + . .      Spirit   .   n - +1 leather armour
rPois   .          Reflect  .   p - +1 hat
rElec   .          Harm     .   q - +0 cloak
rCorr   .          Rampage  .   (no gloves)
Will    +++..      Clarity  +   (no boots)
Stlth   +++++.....              t - amulet of the Four Winds {rN+ Will+++ Clar}
HPRegen 0.14/turn               (no ring)
MPRegen 0.13/turn               (no ring)

@: no status effects
A: small, no large weapons, nightstalker 3
a: no special abilities


You were on level 6 of the Dungeon.
You visited 1 branch of the dungeon, and saw 6 of its levels.

You collected 366 gold pieces.
You spent 30 gold pieces at shops.

Inventory:

Hand Weapons
 c - a +4 spectral dagger (weapon)
Missiles
 g - 34 poisoned darts (quivered)
 h - 6 boomerangs
Armour
 b - a +0 robe
 n - a +1 leather armour (worn)
 p - a +1 hat (worn)
 q - a +0 cloak (worn)
 r - a +2 ring mail of willpower
Magical Staves
 d - a staff of cold
Jewellery
 f - an amulet of faith
 t - the amulet of the Four Winds (around neck) {rN+ Will+++ Clar}
   (You found it on level 6 of the Dungeon)

   [amulet of nothing]

   rN:        It protects you from negative energy.
   Clar:      It protects you against confusion.
   Will:      It greatly increases your willpower.
Wands
 a - a wand of iceblast (7) {@v4}
Scrolls
 i - 2 scrolls of identify {@r1}
 j - a scroll of holy word
 k - 3 scrolls of immolation
 u - a scroll of amnesia
Potions
 e - 2 potions of cancellation
 l - 2 potions of flight
 m - a potion of mutation {unknown}
 o - 3 potions of curing {@q1}
 s - a potion of heal wounds {@q2}
 v - a potion of lignification {unknown}


   Skills:
 + Level 1.4 Fighting
 - Level 8.0 Short Blades
 + Level 3.1 Dodging
 - Level 8.0 Stealth
 - Level 3.0 Spellcasting
 + Level 5.1 Hexes
 + Level 1.6 Evocations


You had 5 spell levels left.
You knew the following spells:

 Your Spells              Type           Power      Damage    Failure   Level
a - Confusing Touch       Hex            21%        N/A       10%         3
d - Tukima's Dance        Hex            21%        N/A       10%         3
e - Ensorcelled Hibernat  Hex/Ice        24%        N/A       14%         2

Your spell library contained the following spells:

 Spells                   Type           Power      Damage    Failure   Level
 Dazzling Flash           Conj/Hex       24%        N/A       28%         3
 Scorch                   Fire           4%         2d5       38%         2
 Static Discharge         Conj/Air       2%         N/A       38%         2
 Flame Wave               Conj/Fire      2%         3d3       95%         4
 Blade Hands              Tmut           1%         N/A       100%        5
 Irradiate                Conj/Tmut      1%         3d13      100%        5
 Lightning Bolt           Conj/Air       1%         1d12      100%        5
 Summon Cactus Giant      Summ           1%         N/A       100%        6
 Dragon Form              Tmut           1%         N/A       100%        7
 Maxwell's Capacitive Co  Air            1%         ∞         100%        8


Dungeon Overview and Level Annotations

Branches:
Dungeon (6/15)
 Temple: D:4-7

Altars:
Elyvilon
Xom

Shops:
D:3 *

Annotations:
D:5 3 runed translucent doors
D:6 Duvessa


Innate Abilities, Weirdness & Mutations

You are small and have problems with some larger weapons.
You are completely attuned to the shadows.


Message History

Duvessa easily resists.
Duvessa hits you with a +0 short sword! Duvessa closely misses you.
As you read the scroll labelled ATAPREPT YFFUN, it crumbles to dust.
It is a scroll of enchant weapon.
Your +3 spectral dagger glows red for a moment.
Duvessa hits you with a +0 short sword!
Okay, then.
Unknown command.
Unknown command.
Okay, then.
Unknown command.
Unknown command.
Casting: Tukima's Dance (dangerous; 10% risk of failure)
Confirm with . or Enter, or press ? or * to list all spells.
Your hands begin to glow red.
Duvessa hits you with a +0 short sword!
* * * LOW HITPOINT WARNING * * *
Duvessa closely misses you.
You hit Duvessa but do no damage. Duvessa hits you with a +0 short sword.
* * * LOW HITPOINT WARNING * * *
It was a potion of heal wounds.
You feel much better. Duvessa hits you with a +0 short sword!
You feel much better. Duvessa closely misses you.
Duvessa hits you with a +0 short sword!
You hit Duvessa but do no damage. Duvessa hits you with a +0 short sword!
You hit Duvessa but do no damage. You hit Duvessa but do no damage.
Duvessa appears confused.
Duvessa closely misses you.
You hit Duvessa.
Duvessa is lightly wounded.
Your +4 spectral dagger hits Duvessa.
Duvessa hits you with a +0 short sword.
Found 5 gold pieces.
Duvessa hits you with a +0 short sword.
* * * LOW HITPOINT WARNING * * *
Duvessa rages.
You hit Duvessa but do no damage.
Duvessa is lightly wounded.
Your +4 spectral dagger hits Duvessa but does no damage.
Duvessa hits you with a +0 short sword!
You die...

### #♣ ♣..# ..♣♣♣♣♣♣♣♣♣....
.......#........#
..........###...#. #... ...#
#........##..... ##... ...#
##.##.#...(..... .....
...####)##.#...e@.... ......
...........##>....... ##...)..
.....##...###........ ........
..##.####..##........ .......)
......# ..##.....$...............
....###.... .. #............
....###.#........ ##.........##.
........#........###..........#..
.†......#.........#.......#...##.


You could see Duvessa (berserk, confused) and a friendly +4 spectral dagger
(summoned).

Vanquished Creatures
  Sigmund (D:2)
  A sky beast (D:6)
  An ice beast (D:5)
  2 ogres (D:5)
  A phantom (D:3)
  A scorpion (D:5)
  Dowan (D:6)
  A bullfrog zombie (D:5)
  A centaur skeleton (D:4)
  A hound (D:5)
  A bullfrog skeleton (D:5)
  An iguana (D:6)
  2 orc wizards
  2 hound skeletons
  6 adders
  3 gnolls (D:2)
  2 white imps (D:5)
  A worm (D:4)
  3 dart slugs
  10 orcs
  3 endoplasms
  2 giant cockroaches
  3 goblins
  10 hobgoblins
  A jackal (D:2)
  7 quokkas
  11 ball pythons
  15 bats
  8 frilled lizards
  7 kobolds
  12 rats
121 creatures vanquished.

Vanquished Creatures (others)
  3 bushes (D:4)
  6 fungi
  4 plants (D:2)
  5 toadstools (D:1)
18 creatures vanquished.

Grand Total: 139 creatures vanquished

Notes
Turn   | Place    | Note
-------+----------+-------------------------------------------
     0 | D:1      | Zenkrye the Kobold Enchanter began the quest for the Orb.
     0 | D:1      | Reached XP level 1. HP: 10/10 MP: 3/3
   177 | D:1      | Reached XP level 2. HP: 10/15 MP: 5/5
   658 | D:1      | Reached XP level 3. HP: 19/19 MP: 6/6
   841 | D:1      | Reached skill level 5 in Stealth
  1341 | D:1      | Learned a level 3 spell: Confusing Touch
  1344 | D:1      | Learned a level 2 spell: Ensorcelled Hibernation
  1604 | D:2      | Reached XP level 4. HP: 24/24 MP: 7/7
  1770 | D:2      | Noticed Sigmund
  2100 | D:2      | Found a faded altar of an unknown god.
  2561 | D:3      | Learned a level 3 spell: Tukima's Dance
  2723 | D:3      | Reached XP level 5. HP: 20/28 MP: 4/9
  2999 | D:3      | Noticed a phantom
  3003 | D:3      | Killed a phantom
  3004 | D:3      | Reached skill level 5 in Short Blades
  3319 | D:3      | Reached XP level 6. HP: 32/32 MP: 10/10
  3355 | D:3      | Found a shimmering altar of Xom.
  3587 | D:3      | Found Fuitu's General Store.
  3590 | D:3      | Bought a potion of curing for 30 gold pieces
  4017 | D:4      | Found a white marble altar of Elyvilon.
  4024 | D:4      | Noticed a yak
  4024 | D:4      | Noticed a yak
  4107 | D:2      | Killed Sigmund
  4306 | D:2      | Reached XP level 7. HP: 26/36 MP: 11/11
  4606 | D:4      | Noticed a yak
  4825 | D:5      | Entered Level 5 of the Dungeon
  4827 | D:5      | Reached skill level 5 in Hexes
  5449 | D:5      | Reached XP level 8. HP: 41/41 MP: 12/12
  5727 | D:5      | Found a runed translucent gate.
  5727 | D:5      | Found a runed translucent gate.
  5728 | D:5      | Found a runed translucent gate.
  6139 | D:6      | Found the amulet of the Four Winds {rN+ Will+++ Clar}
  6168 | D:6      | Noticed Dowan
  6184 | D:6      | Killed Dowan
  6445 | D:6      | Reached skill level 1 in Fighting
  6445 | D:6      | Reached skill level 1 in Evocations
  6831 | D:6      | Noticed Duvessa
  6837 | D:6      | HP: 1/43 [Duvessa (3)]
  6847 | D:6      | Mangled by Duvessa

Illustrated notes

Levels and vault maps discovered:
D:1:      lightli_arrival_quake, layout_loops_corners, minmay_gold_behind_fungi,
          hangedman_feature_mirror, grunt_decor_fettered
D:2:      layout_rooms, dreamdust_ecumenical_altar_grove, serial_bayou_pond_b,
          nrook_loot_triangle, grunt_decor_arrowhead, kennysheep_doodads,
          kennysheep_potato, uniq_sigmund
D:3:      layout_basic, mainiacjoe_overflow_alcove_2, serial_shops,
          nicolae_shop_window_shopping
D:4:      layout_gridville, nicolae_elyvilon_peaceful_grove
D:5:      layout_basic, gammafunk_ghost_necromancy, hangedman_decor_peaks_small
D:6:      layout_cave_pools, mainiacjoe_overflow_paths, uniq_blork_the_orc,
          uniq_duvessa

Skill      XL: |  1  2  3  4  5  6  7  8 |
---------------+-------------------------+-----
Short Blades   | 2 3 4 5 6 7 8 |  8.0
Stealth        | 5 6 8 |  8.0
Spellcasting   | 3 |  3.0
Hexes          | 4 5 |  5.1
Fighting       | 1 |  1.4
Dodging        | 3 |  3.1
Evocations     | 1 |  1.6

Action                   |  1- 3 |  4- 6 |  7- 9 || total
-------------------------+-------+-------+-------++-------
Melee: Dagger            |   112 |   197 |   147 ||   456
Throw: Dart              |    12 |     8 |     3 ||    23
 Cast: Confusing Touch   |       |     1 |     9 ||    10
       Tukima's Dance    |       |     3 |     3 ||     6
       Ensorcelled Hiber |       |     1 |     6 ||     7
  Use: Scroll            |     4 |     6 |     4 ||    14
       Potion            |       |     1 |     3 ||     4
 Stab: Sleeping          |    25 |    13 |    16 ||    54
       Confused          |       |     1 |     7 ||     8
       Invisible         |       |     1 |     1 ||     2
Armor: Robe              |    16 |       |       ||    16
       Leather armour    |     6 |    53 |    27 ||    86
Dodge: Dodged            |    79 |   120 |    65 ||   264

Table legend: (Time is in decaauts)
 A = Elapsed time spent in this place.
 B = Non-inter-level travel time spent in this place.
 C = Inter-level travel time spent in this place.
 D = Time resting spent in this place.
 E = Time spent auto-exploring this place.
 F = Levels seen in this place.
 G = Mean time per level.
                   A        B        C        D        E       F      G
               +--------+--------+--------+--------+--------+-----+--------+
         Total |   6741 |   6516 |    225 |    766 |   4311 |   6 | 1123.5 |
       Dungeon |   6741 |   6516 |    225 |    766 |   4311 |   6 | 1123.5 |
               +--------+--------+--------+--------+--------+-----+--------+

Top non-repeatable levels by time:
     D:3: 1504 daAuts
     D:2: 1423 daAuts
     D:5: 1353 daAuts
     D:1: 1334 daAuts
     D:6: 626 daAuts
     D:4: 499 daAuts
